 Dungeon Crawl Stone Soup version 0.31-a0-358-gac0dbeb3ab (webtiles) character file.

Game seed: 15435843860632296320

59 randomguy2701 the Chopper (level 4, 0/35 HPs)
             Began as a Human Berserker on July 25, 2023.
             Was a Believer of Trog.
             Succumbed to an adder's poison
             ... on level 2 of the Dungeon.
             The game lasted 00:01:47 (1443 turns).

randomguy2701 the Chopper (Human Berserker)         Turns: 1443, Time: 00:01:48

Health: 0/35       AC:  2    Str: 19    XL:     4   Next: 22%
Magic:  4/4        EV: 12    Int:  7    God:    Trog [**....]
Gold:   95         SH:  0    Dex: 13    Spells: 3/3 levels left

rFire   . . .        a - +0 hand axe
rCold   . . .        (no shield)
rNeg    . . .        b - +0 animal skin
rPois   .            (no helmet)
rElec   .            (no cloak)
rCorr   .            (no gloves)
SInv    .            (no boots)
Will    .....        (no amulet)
Stlth   +            (no ring)
HPRegen 0.25/turn    (no ring)
MPRegen 0.09/turn

%: no passive effects
@: lethally poisoned (0 -> -9)
A: no striking features
a: Renounce Religion, Berserk, Trog's Hand


You were on level 2 of the Dungeon.
You worshipped Trog.
Trog was pleased with you.
You visited 1 branch of the dungeon, and saw 2 of its levels.

You collected 95 gold pieces.

Inventory:

Hand Weapons
 a - a +0 hand axe (weapon)
Armour
 b - a +0 animal skin (worn)
Jewellery
 e - a +6 ring of strength
Wands
 h - a wand of roots (11)
Scrolls
 c - 2 scrolls of blinking {unknown}
 f - a scroll of teleportation {unknown}
 g - a scroll of summoning {unknown}
Potions
 d - a potion of brilliance {unknown}


   Skills:
 + Level 3.5 Fighting
 + Level 3.8 Axes
 + Level 2.2 Armour
 + Level 2.5 Dodging
 + Level 0.2 Stealth


You had 3 spell levels left.
You didn't know any spells.
Your spell library was empty.

Dungeon Overview and Level Annotations

Branches:
Dungeon (2/15)

Altars:


Message History

The hobgoblin hits you but does no damage.
You slash the adder!
The adder is severely wounded.
You hit the hobgoblin.
You feel sick. The adder bites you. x2
The hobgoblin closely misses you.
You are too injured to fight recklessly!
You are too injured to fight recklessly!
You are too injured to fight recklessly!
You are too injured to fight recklessly!
There are monsters nearby!
There are monsters nearby!
You closely miss the adder.
The adder is severely wounded.
You hit the hobgoblin.
You kill the hobgoblin!
Trog accepts your kill.
You feel sick. The adder barely misses you.
You barely miss the adder.
The adder is severely wounded.
You feel sick. The adder bites you.
* * * LOW HITPOINT WARNING * * *
The adder barely misses you.
You closely miss the adder.
The adder is severely wounded.
You feel sick.
You are no longer poisoned.
The adder bites you.
* * * LOW HITPOINT WARNING * * *
You are poisoned.
The adder poisons you!
You closely miss the adder.
The adder is severely wounded.
You feel sick. The adder completely misses you. The adder bites you.
* * * LOW HITPOINT WARNING * * *
You are more poisoned.
The adder poisons you!
You hit the adder.
You kill the adder!
Trog accepts your kill.
You die...

...................'..
#####..............#....
#..............#####
#..............#
#..............##############
###'#..........'............#
#.#..........############.#
#.#######....# #.# #.# #.@..#
#.# #.# #†...# #.# #.# #....#
#.) #.# .....# #.# #.#
......# #.# #.# ...###.# #.#
#.# ....# .. #.# #.# .....#
### #.# #.##.....# #.#


There were no monsters in sight!

Vanquished Creatures
  3 adders (D:2)
  A dart slug (D:2)
  7 endoplasms
  A giant cockroach (D:1)
  6 goblins
  4 hobgoblins
  2 jackals (D:2)
  A quokka (D:1)
  5 ball pythons
  A bat (D:1)
  3 frilled lizards (D:1)
  A kobold (D:2)
  3 rats
38 creatures vanquished.

Notes
Turn   | Place    | Note
-------+----------+-------------------------------------------
     0 | D:1      | randomguy2701 the Human Berserker began the quest for the
                  | Orb.
     0 | D:1      | Reached XP level 1. HP: 18/18 MP: 1/1
   185 | D:1      | Reached XP level 2. HP: 21/24 MP: 2/2
   383 | D:1      | You fall into a shaft and drop 1 floor!
   499 | D:2      | Reached XP level 3. HP: 17/29 MP: 3/3
   937 | D:1      | Reached ** piety under Trog
  1241 | D:2      | Reached XP level 4. HP: 32/35 MP: 4/4
  1443 | D:2      | Succumbed to an adder's poison

Illustrated notes

Levels and vault maps discovered:
D:1:      heliophobic_arrival_battle_scene, layout_loops_ring
D:2:      layout_basic

Action                     |  1- 3 |  4- 6 || total
---------------------------+-------+-------++-------
  Melee: Hand axe          |   106 |    19 ||   125
   Stab: Sleeping          |     2 |       ||     2
 Armour: Animal skin       |    13 |     2 ||    15
  Dodge: Dodged            |    79 |    15 ||    94

Table legend: (Time is in decaauts)
 A = Elapsed time spent in this place.
 B = Non-inter-level travel time spent in this place.
 C = Inter-level travel time spent in this place.
 D = Time resting spent in this place.
 E = Time spent auto-exploring this place.
 F = Levels seen in this place.
 G = Mean time per level.
                   A        B        C        D        E       F      G
               +--------+--------+--------+--------+--------+-----+--------+
         Total |   1460 |   1412 |     48 |      0 |   1120 |   2 |  730.0 |
       Dungeon |   1460 |   1412 |     48 |      0 |   1120 |   2 |  730.0 |
               +--------+--------+--------+--------+--------+-----+--------+

Top non-repeatable levels by time:
     D:1: 905 daAuts
     D:2: 554 daAuts
